 Dungeon Crawl Stone Soup version 0.18-a0-1577-gf591c28 (webtiles) character file.

49287 ololoev the Destroyer (level 14, -12/76 HPs)
             Began as a Deep Elf Fire Elementalist on Mar 21, 2016.
             Was the Champion of Sif Muna.
             Shot with a bolt by a naga sharpshooter (29 damage)
             ... on level 4 of the Snake Pit.
             The game lasted 01:31:37 (9267 turns).

ololoev the Destroyer (Deep Elf Fire Elementalist)  Turns: 9267, Time: 01:31:38

Health: -12/76     AC: 16    Str:  3 (5)  XL:     14   Next: 15%
Magic:  41/41      EV: 15    Int: 23 (26) God:    Sif Muna [******]
Gold:   1254       SH:  7    Dex: 13 (15) Spells: 10 memorised, 1 level left

rFire  . . .     SeeInvis .     a - +2 flail (protect)
rCold  . . .     Gourm    .     c - +1 robe {MR+}
rNeg   + . .     Faith    .     p - +2 buckler {rPois}
rPois  +         Spirit   .     G - +1 hat
rElec  .         Dismiss  .     m - +2 cloak
rCorr  .         Reflect  .     z - +0 pair of gloves
SustAt .         Harm     .     s - +2 pair of boots {run}
MR     ++...                    (no amulet)
Stlth  ++........               M - ring "Tautoe" {+Fly rPois rN+}
                                o - ring of magical power

@: about to teleport, delayed fireball, repel missiles, quick, very resistant to
hostile enchantments, unstealthy
A: no striking features
a: Channel Energy, Forget Spell, Renounce Religion, Release Delayed Fireball,
Evoke Flight

Inventory:

Hand Weapons
 a - a +2 flail of protection (weapon)
Armour
 c - a +1 robe of magic resistance (worn)
 m - a +2 cloak (worn)
 p - a +2 buckler of poison resistance (worn)
 s - a +2 pair of boots of running (worn)
 z - a +0 pair of gloves (worn)
 G - a +1 hat (worn)
Rods
 b - a +0 rod of shadows (2/11)
   (You took it off a minotaur in a labyrinth)
Jewellery
 o - a ring of magical power (left hand)
 r - a +3 ring of intelligence
 M - the ring "Tautoe" (right hand) {+Fly rPois rN+}
   (You took it off a minotaur in a labyrinth)

   [ring of positive energy]

   It protects you from poison.
   It protects you from negative energy.
   It lets you fly.
Wands
 e - a wand of disintegration (13/24)
 I - a wand of heal wounds (3/9)
Scrolls
 f - 3 scrolls of teleportation
 h - a scroll of amnesia
 j - 4 scrolls of remove curse
 n - 2 scrolls of fog
 F - a scroll of immolation
Potions
 d - 5 potions of flight
 g - a potion of cure mutation {unknown}
 k - a potion of curing
 u - 2 potions of might
Comestibles
 i - 6 chunks of flesh
 t - 6 meat rations
 w - 14 fruits
 C - a bread ration


   Skills:
 + Level 4.2 Fighting
 + Level 6.7 Dodging
 - Level 2.4 Stealth
 + Level 5.0 Shields
 + Level 12.8 Spellcasting
 * Level 14.9 Conjurations
 + Level 1.3 Charms
 * Level 13.5 Fire Magic
 + Level 10.2 Invocations


You had one spell level left.
You knew the following spells:

 Your Spells              Type           Power        Failure   Level  Hunger
a - Bolt of Fire          Conj/Fire      ######....   1%          6    #####..
b - Conjure Flame         Conj/Fire      ######..     1%          3    None
c - Sticky Flame          Conj/Fire      ######..     1%          4    None
d - Fireball              Conj/Fire      ######....   1%          5    ###....
e - Inner Flame           Hex/Fire       #####...     1%          3    None
f - Blink                 Tloc           N/A          10%         2    None
g - Mephitic Cloud        Conj/Pois/Air  #####...     1%          3    None
h - Delayed Fireball      Conj/Fire      N/A          14%         7    ######.
i - Ring of Flames        Chrm/Fire      #####.....   99%         7    ######.
r - Repel Missiles        Chrm/Air       ###...       6%          2    None


You were on level 4 of the Snake Pit.
You worshipped Sif Muna.
Sif Muna was exalted by your worship.
You were not hungry.

You visited 5 branches of the dungeon, and saw 27 of its levels.
You also visited: Labyrinth and Volcano.

You collected 1673 gold pieces.
You spent 419 gold pieces at shops.

... ... ... ...
... .. .
####+#+####
#.##...N@N...##
#.(.N.SSN..N[.#
...#.§S.S..N.#..
#..§...N...§..#
#.###N.....N###.
# ##.≈≈≈.##
##≈≈≈## #####

Notes
Turn   | Place    | Note
--------------------------------------------------------------
     0 | D:1      | ololoev the Deep Elf Fire Elementalist began the quest for the Orb.
     0 | D:1      | Reached XP level 1. HP: 10/10 MP: 6/6
    66 | D:2      | Reached XP level 2. HP: 15/15 MP: 5/8
   120 | D:3      | Reached skill level 2 in Conjurations
   257 | D:4      | Found Piudarra's Gadget Boutique.
   317 | D:5      | Entered Level 5 of the Dungeon
   353 | D:6      | Noticed a crimson imp
   475 | D:4      | Reached XP level 3. HP: 8/19 MP: 3/10
   481 | D:4      | Learned a level 3 spell: Conjure Flame
   485 | D:4      | Learned a level 3 spell: Inner Flame
   492 | D:4      | Noticed a slave
   494 | D:4      | Noticed a slave
   494 | D:4      | Noticed a slave
   495 | D:4      | Noticed Pikel
   565 | D:6      | Noticed a scorpion
   590 | D:5      | Noticed Menkaure
   598 | D:5      | Killed Menkaure
   598 | D:5      | Reached skill level 4 in Conjurations
   598 | D:5      | Reached XP level 4. HP: 24/24 MP: 3/12
   598 | D:5      | Reached XP level 5. HP: 28/28 MP: 3/13
   604 | D:5      | Learned a level 4 spell: Sticky Flame
   681 | D:5      | Found a staircase to the Ecumenical Temple.
   690 | Temple   | Entered the Ecumenical Temple
   694 | Temple   | Became a worshipper of Sif Muna the Loreminder
   921 | D:7      | Reached skill level 1 in Invocations
   932 | D:7      | Found a blossoming altar of Fedhas.
   932 | D:7      | Found a glowing silver altar of Zin.
   957 | D:7      | Reached XP level 6. HP: 32/32 MP: 8/15
   972 | D:7      | Reached skill level 5 in Spellcasting
  1046 | D:7      | Identified a +0 pair of boots of running (You found it on level 7 of the Dungeon)
  1080 | D:7      | You fall through a shaft!
  1096 | D:7      | Reached skill level 5 in Conjurations
  1277 | D:8      | Reached * piety under Sif Muna
  1287 | D:7      | Reached XP level 7. HP: 27/36 MP: 5/17
  1306 | D:7      | Found Rimn's Book Shoppe.
  1343 | D:7      | Reached skill level 5 in Fire Magic
  1366 | D:6      | Noticed Blork the orc
  1372 | D:7      | Killed Blork the orc
  1480 | D:7      | Reached skill level 6 in Conjurations
  1629 | D:9      | Reached ** piety under Sif Muna
  1629 | D:9      | Reached XP level 8. HP: 34/41 MP: 14/19
  1636 | D:9      | Reached skill level 7 in Conjurations
  1760 | D:9      | Learned a level 5 spell: Fireball
  1801 | D:9      | Reached skill level 8 in Conjurations
  1805 | D:9      | Found a staircase to the Orcish Mines.
  1817 | D:9      | Reached *** piety under Sif Muna
  1859 | Orc:1    | Entered Level 1 of the Orcish Mines
  1922 | Orc:1    | Reached XP level 9. HP: 45/45 MP: 4/22
  1967 | Orc:1    | Reached skill level 9 in Conjurations
  1967 | Orc:1    | Reached skill level 5 in Invocations
  2099 | Orc:1    | Found a roughly hewn altar of Beogh.
  2170 | Orc:1    | crauler: еду в ману перерабатываешь?
  2170 | Orc:1    | Reached **** piety under Sif Muna
  2171 | Orc:1    | ololoev: да, опять
  2264 | Orc:2    | Entered Level 2 of the Orcish Mines
  2398 | Orc:2    | Noticed an orc sorcerer
  2430 | Orc:2    | Noticed an orc sorcerer
  2433 | Orc:2    | Killed an orc sorcerer
  2433 | Orc:2    | Reached ***** piety under Sif Muna
  2433 | Orc:2    | Reached skill level 10 in Conjurations
  2523 | Orc:2    | Noticed a rust devil
  2523 | Orc:2    | Killed an orc sorcerer
  2523 | Orc:2    | Reached XP level 10. HP: 32/50 MP: 18/25
  2528 | Orc:2    | Noticed an orc sorcerer
  2542 | Orc:2    | Killed an orc sorcerer
  2672 | Orc:1    | Noticed an orc knight
  2729 | Orc:2    | Noticed an orc sorcerer
  2742 | Orc:2    | Killed an orc sorcerer
  2745 | Orc:2    | Reached skill level 11 in Conjurations
  2746 | Orc:2    | Noticed an orc knight
  2754 | Orc:2    | Killed an orc knight
  2827 | Orc:2    | Noticed an orc sorcerer
  2842 | Orc:2    | Reached ****** piety under Sif Muna
  2852 | Orc:2    | Noticed a sixfirhy
  2857 | Orc:2    | Killed an orc sorcerer
  2857 | Orc:2    | Received a gift from Sif Muna
  2858 | Orc:2    | BrandedWarrior: Я тут мимо проходил...
  2860 | Orc:2    | ololoev: привет
  2869 | Orc:2    | BrandedWarrior: И как обычно что-то подвисает
  2873 | Orc:2    | Reached skill level 10 in Spellcasting
  2875 | Orc:2    | Found Furchi's Magic Scroll Shoppe.
  2875 | Orc:2    | Found Rato's Gadget Shop.
  2928 | Orc:2    | Bought a scroll of identify for 30 gold pieces
  2928 | Orc:2    | Bought a scroll of identify for 30 gold pieces
  2928 | Orc:2    | Bought a scroll of identify for 30 gold pieces
  2928 | Orc:2    | Bought a scroll of summoning for 142 gold pieces
  2928 | Orc:2    | Bought a scroll of immolation for 52 gold pieces
  2928 | Orc:2    | Bought a scroll of remove curse for 45 gold pieces
  2928 | Orc:2    | Bought a scroll of teleportation for 45 gold pieces
  2928 | Orc:2    | BrandedWarrior: Ну надеюсь сейчас все нормально.
  2928 | Orc:2    | Bought a scroll of teleportation for 45 gold pieces
  2932 | Orc:2    | BrandedWarrior: Ага. Себя вижу.
  2948 | Orc:2    | Found a roughly hewn altar of Beogh.
  2980 | Orc:2    | Noticed an orc sorcerer
  2983 | Orc:2    | Reached skill level 10 in Fire Magic
  2986 | Orc:2    | Noticed an orc sorcerer
  2990 | Orc:2    | Killed an orc sorcerer
  2990 | Orc:2    | Killed an orc sorcerer
  2990 | Orc:2    | Reached XP level 11. HP: 32/54 MP: 0/27
  3010 | Orc:2    | Learned a level 2 spell: Blink
  3013 | Orc:2    | Learned a level 2 spell: Repel Missiles
  3049 | Orc:2    | jacquesderrida: ХХХ
  3049 | Orc:2    | jacquesderrida: ААА
  3049 | Orc:2    | jacquesderrida: ЙЙЙ
  3081 | Orc:2    | Found Kifruwk's Jewellery Shop.
  3081 | Orc:2    | Found Donu's Gadget Shoppe.
  3092 | Orc:2    | jacquesderrida: дееееееееееенг
  3092 | Orc:2    | ololoev: воу
  3092 | Orc:2    | ololoev: MR-
  3092 | Orc:2    | ololoev: но в остольном нойс!
  3092 | Orc:2    | ololoev: вот только
  3092 | Orc:2    | ololoev: слей нафиг не нужен
  3092 | Orc:2    | ololoev: рКорр скорее всего тоже
  3118 | Orc:2    | jacquesderrida: ТОЖ ПАЙДУ ЗОГЕЙМЛЮ )))
  3224 | D:8      | jacquesderrida: 1831 jacquesderrida the Summoner (level 8, -5/52 HPs) Began as a Demonspawn Summoner on Mar 18, 2016. Was a Follower of Ashenzari. Slain by a wyvern (8 damage) ... on level 9 of the Dungeon on Mar 21, 2016. The game lasted 00:25:42 (3540 turns).
  3230 | D:8      | jacquesderrida: Зогеймил, бля!
  3327 | D:10     | Entered Level 10 of the Dungeon
  3434 | D:10     | Identified a +1 rod of ignition (9/9) (You found it on level 10 of the Dungeon)
  3497 | D:10     | Reached skill level 12 in Conjurations
  3810 | D:11     | Noticed Maurice
  3813 | D:11     | Killed Maurice
  3813 | D:11     | Reached skill level 1 in Shields
  4319 | D:9      | Found an oddly glowing altar of Pakellas.
  4331 | D:9      | Killed an ice dragon
  4434 | D:10     | Received a gift from Sif Muna
  4435 | D:10     | Identified Sif Muna's Handbook of Arcane Weapons (Sif Muna gifted it to you on level 10 of the Dungeon)
  4440 | D:10     | Learned a level 3 spell: Mephitic Cloud
  4547 | D:9      | BrandedWarrior: все так внимательно смотрят...
  4629 | D:9      | Found a stormy altar of Qazlal.
  4629 | D:9      | Found a basalt altar of Yredelemnul.
  4753 | D:8      | ololoev: где этот стеганый леир?
  4761 | D:8      | Found a staircase to the Lair.
  4770 | Lair:1   | Entered Level 1 of the Lair of Beasts
  4771 | Lair:1   | BrandedWarrior: и тут же
  4771 | Lair:1   | ololoev: вот блин сныкался
  4791 | Lair:2   | Noticed a seven-headed hydra
  4804 | Lair:2   | Killed a seven-headed hydra
  4810 | Lair:2   | Reached XP level 12. HP: 51/59 MP: 6/29
  4968 | Lair:2   | Noticed Gastronok
  4970 | Lair:2   | BrandedWarrior: руна в абсиссе была взята с трудом... Дважды 5 ума в ноль снимали. Но при этом руна была вблизи.
  4970 | Lair:2   | ololoev: отстой, гастронок с обычной шляпой :(
  4990 | Lair:2   | Killed Gastronok
  4990 | Lair:2   | Reached skill level 13 in Conjurations
  5062 | Lair:3   | BrandedWarrior: у него ж аirstrike, черт его дери.
  5161 | Lair:3   | Reached skill level 1 in Fighting
  5263 | Lair:3   | Noticed Nergalle
  5273 | Lair:3   | Killed Nergalle
  5448 | Lair:5   | Found a labyrinth entrance.
  5454 | Lab      | Entered a labyrinth
  5860 | Lab      | BrandedWarrior: ага
  5867 | Lab      | Noticed a minotaur
  6010 | Lab      | Killed a minotaur
  6012 | Lab      | Got a smoking iron ring
  6014 | Lab      | Identified the ring "Tautoe" {+Fly rPois rN+} (You took it off a minotaur in a labyrinth)
  6045 | Lab      | Identified a +0 rod of shadows (3/11) (You took it off a minotaur in a labyrinth)
  6242 | Lair:6   | Found a dark tunnel.
  6251 | Volcano  | Entered a volcano
  6321 | Volcano  | BrandedWarrior: интересно, а почему это статистика данного сервера хранится на другом?
  6325 | Volcano  | ololoev: как на другом?
  6438 | Volcano  | BrandedWarrior: http://crawl.akrasiac.org/scoring/players/brandedwarrior.html это открывается по нажатию на игрока в чате.
  6475 | Lair:6   | BrandedWarrior: arkasiac, а не xtahua
  6475 | Lair:6   | ololoev: это общая статистика, оан собирается по всем серверам
  6475 | Lair:6   | ololoev: все морги хранятся на кстахуа
  6493 | Lair:6   | BrandedWarrior: это я знаю, да
  6621 | Lair:7   | Noticed a six-headed hydra
  6624 | Lair:7   | Killed a six-headed hydra
  6625 | Lair:7   | Noticed a six-headed hydra
  6631 | Lair:6   | Received a gift from Sif Muna
  6635 | Lair:6   | Identified Sif Muna's Disquisition on Cloudy Confrontation (Sif Muna gifted it to you on level 6 of the Lair of Beasts)
  6643 | Lair:6   | Learned a level 6 spell: Bolt of Fire
  6699 | Lair:6   | Noticed a death yak
  6704 | Lair:6   | Noticed a death yak
  6704 | Lair:6   | Noticed a death yak
  6705 | Lair:6   | Killed a death yak
  6706 | Lair:6   | Noticed a death yak
  6764 | Lair:6   | Killed a death yak
  6820 | Lair:6   | Killed a death yak
  6849 | Lair:6   | Killed a death yak
  6849 | Lair:6   | Reached XP level 13. HP: 21/68 MP: 1/30
  6921 | Lair:7   | Reached skill level 5 in Dodging
  7009 | Lair:6   | BrandedWarrior: Ладно, я со своим героем сегодня эльфов поубивал. Пойду.
  7118 | Lair:6   | BrandedWarrior: deep elf blademaster свою работу за взятку сделал отлично
  7209 | Lair:5   | Found a staircase to the Snake Pit.
  7221 | Lair:5   | Reached skill level 14 in Conjurations
  7420 | Lair:5   | namelastname112: профессиональные спидраны
  7455 | Lair:5   | namelastname112: и смерть жуткая от змей
  7455 | Lair:5   | namelastname112: на ваших экранах только сегодня
  7596 | Lair:4   | pipel: https://www.youtube.com/watch?v=Rrshc7xRDAc
  7624 | Lair:4   | Found a staircase to the Swamp.
  7663 | Lair:4   | Got a dazzling hand axe
  7664 | Lair:4   | Identified the +9 hand axe of the Mind {antimagic, Dex+7} (You found it on level 4 of the Lair of Beasts)
  7983 | Lair:7   | jacquesderrida: СТАРПЕР!!
  7997 | Lair:7   | jacquesderrida: SENILE BUM!!
  8002 | Lair:7   | pipel: ZHAK!
  8002 | Lair:7   | jacquesderrida: http://www.youtube.com/watch?v=hhyhHZV6mnU
  8002 | Lair:7   | jacquesderrida: PIPLERN'
  8002 | Lair:7   | jacquesderrida: HAI POPELN
  8002 | Lair:7   | pipel: HOLA TOVARIЩ
  8009 | Lair:7   | crauler: ололоев, у тебя пауки или наги?
  8014 | Lair:7   | ololoev: наги
  8033 | Lair:8   | Entered Level 8 of the Lair of Beasts
  8134 | Lair:7   | crauler: жаль лол, в нагах еды чуть побольше чем в пауках по моему
  8139 | Lair:7   | ololoev: ты хотел посмотреть как я умру голодной смертью?
  8150 | Lair:7   | Received a gift from Sif Muna
  8160 | Lair:7   | Learned a level 7 spell: Delayed Fireball
  8183 | Lair:7   | Learned a level 7 spell: Ring of Flames
  8272 | Lair:8   | crauler: я скажу правду если я скажу что я наблюдал бы с интересом
  8363 | Lair:7   | jacquesderrida: ПЗДЦ КРАУЛЕР
  8434 | Lair:7   | jacquesderrida: Это же ферст кондишинэл !!
  8437 | Lair:7   | jacquesderrida: АНГЛИЙСКАЯ ГРОМАТЕКА!!!
  8451 | Lair:7   | Reached skill level 10 in Invocations
  8491 | Lair:6   | Identified 4 scrolls of acquirement
  8551 | Lair:6   | crauler: посох есть чтоли?
  8554 | Lair:6   | Got a pair of crude gloves
  8565 | Lair:6   | Identified the +2 pair of gloves of Curiosity {rPois Int-4 Slay+2 Stlth+} (You acquired it on level 6 of the Lair of Beasts)
  8576 | Lair:6   | ololoev: нет
  8665 | Snake:1  | Entered Level 1 of the Snake Pit
  8665 | Snake:1  | Noticed Agnes
  8669 | Snake:1  | Killed Agnes
  8669 | Snake:1  | Reached XP level 14. HP: 24/76 MP: 19/32
  8674 | Snake:1  | ololoev: хреново вышло
  8675 | Snake:1  | HP: 3/76 [shock serpent (14)]
  8918 | Snake:1  | Reached skill level 5 in Shields
  8996 | Snake:1  | Noticed Empheia's ghost (journeyman DsBe)
  9020 | Snake:1  | Killed Empheia's ghost
  9108 | Snake:2  | Reached skill level 1 in Charms
  9131 | Snake:4  | Entered Level 4 of the Snake Pit
  9132 | Snake:4  | jacquesderrida: j - 551 gold the amulet of Nebbos {Clar MR++ Str+4 Int+3} k - 620 gold the ring of Anoclem {rF+ Str+4 Slay+4 Stlth-}
  9132 | Snake:4  | jacquesderrida: WHAT DO WITH ITEN
  9132 | Snake:4  | ololoev: неббос
  9132 | Snake:4  | ololoev: аноклем
  9132 | Snake:4  | pipel: без стелса играть нельзя
  9132 | Snake:4  | pipel: аноклем пусть идёт лесом с такими предложениями
  9132 | Snake:4  | pipel: сила и интеллект не нужны. Кларити и мр могут быть полезны, но не слишком
  9132 | Snake:4  | jacquesderrida: d - 2720 gold the +8 demon blade "Leech" {vamp, rN+ AC-2 EV-2 Str-2 Int-2 Dex-
  9132 | Snake:4  | jacquesderrida: ВАТ ДУ
  9132 | Snake:4  | jacquesderrida: ДЕМАН БЛЕД
  9132 | Snake:4  | pipel: лучше бери короткие лезвия
  9132 | Snake:4  | jacquesderrida: This is a scroll of acquirement!
  9132 | Snake:4  | jacquesderrida: блятттттттттт
  9132 | Snake:4  | jacquesderrida: ЧЕ ДЕЛОТТТТТТ
  9132 | Snake:4  | jacquesderrida: (gained 790).
  9132 | Snake:4  | jacquesderrida: GAMNO!!!!
  9132 | Snake:4  | pipel: бедный ZHAK
  9132 | Snake:4  | crauler: this is a job for GOZAG
  9266 | Snake:4  | ololoev: лол
  9266 | Snake:4  | ololoev: круто
  9267 | Snake:4  | Shot with a bolt by a naga sharpshooter

Dungeon Overview and Level Annotations

Branches:
Dungeon (12/15)            Temple (1/1) D:5            Lair (8/8) D:8
  Swamp (0/4) Lair:4        Snake (4/4) Lair:5          Orc (2/2) D:9
  Slime: Lair:6-8       Elf: Orc:2

Altars:
Ashenzari
Cheibriados
Dithmenos
Fedhas
Makhleb
Pakellas
Qazlal
Ru
Sif Muna
Vehumet
Yredelemnul
Zin
The Shining One
Beogh

Shops:
D:4 }   D:7 :   Orc:2 }?=}

Annotations:
D:4 Pikel


Message History

The salamander is frozen!
The salamander is heavily wounded.
Evoking this partially-identified wand wasted a few charges.
The salamander is engulfed in noxious fumes.
Unknown command.
Unknown command.
Evoke which item? (* to show all) (? for menu, Esc to quit)
Zapping:
l - a wand of iceblast {zapped: 9} (will waste charges)
Press: ? - help, Shift-Dir - straight line Nothing appears to happen.
The salamander hits your crimson imp with a halberd!!
Your crimson imp is killed!
Drop what? 27/52 slots (_ for help) (? for menu, Esc to quit)
You drop a wand of iceblast {empty}.
Your adder barely misses the salamander.
Casting: Mephitic Cloud
Confirm with . or Enter, or press ? or * to list all spells.
Okay, then.
Casting: Mephitic Cloud
Confirm with . or Enter, or press ? or * to list all spells.
You can't see any susceptible monsters within range! (Use Z to cast anyway.)
Your adder bites the salamander but does no damage.
A shock serpent comes into view.
The salamander seems less confused.
Your adder bites the salamander but does no damage.
You see here a wand of iceblast {empty}.
The salamander hits you from afar with a halberd!
You are engulfed in flames!
The salamander looks more healthy.
The shock serpent bites your adder! The shock serpent shocks your adder!
Your adder dies!
Your adder's corpse dissolves into shadows!
Evoke which item? (* to show all) (? for menu, Esc to quit)
Okay, then.
Read which item? (? for menu, Esc to quit)
As you read the scroll of teleportation, it crumbles to dust.
You feel strangely unstable. You block the salamander's attack.
Your surroundings suddenly seem different.
A naga warrior comes into view. It is wielding a dire flail.
The naga warrior spits poison at you. The splash of poison misses you.
An anaconda comes into view.
The anaconda hisses angrily.
A sea snake comes into view.
The sea snake hisses angrily.
A guardian serpent comes into view.
The guardian serpent shouts!
A naga comes into view. It is wielding a halberd.
The naga shouts!
A naga ritualist comes into view. It is wielding a dagger of venom.
The naga ritualist shouts!
A naga warrior comes into view. It is wielding a mace.
The naga warrior shouts!
A naga sharpshooter comes into view. It is wielding a war axe.
The naga sharpshooter shouts!
Found 10 sling bullets of frost and a ring mail. 4 nagas and a guardian serpent come into view.
Unknown command.
Unknown command.
Unknown command.
Drink which item? (? for menu, Esc to quit)
Okay, then.
Read which item? (? for menu, Esc to quit)
As you read the scroll of teleportation, it crumbles to dust.
You feel strangely unstable.
The naga shouts!
You hear a shout!
You block the guardian serpent's attack.
The guardian serpent misses you. The anaconda misses you.
The anaconda bites you!
Unknown command.
Unknown command.
The naga shouts!
The guardian serpent weaves intricate patterns with the tip of its tongue.
The naga blinks! x3
The naga sharpshooter unwields an uncursed war axe.
The naga sharpshooter wields an arbalest.
The naga sharpshooter gestures wildly while chanting.
The naga sharpshooter magically shoots a bolt.
The bolt hits you!!
You die...

You could see 2 naga warriors, a naga sharpshooter, a sea snake, an anaconda, a naga ritualist, 2 guardian serpents and 5 nagas.

Vanquished Creatures
  Gastronok (Lair:2)
  Agnes (Snake:1)
  A minotaur (Lab)
  The ghost of Empheia the Fighter, a journeyman DsBe of Trog (Snake:1)
  4 hydras
  A naga warrior (Snake:1)
  An anaconda (Snake:4)
  9 death yaks
  Nergalle (Lair:3)
  A shock serpent (Snake:1)
  An orc knight (Orc:2)
  7 orc sorcerers (Orc:2)
  A griffon (Lair:7)
  6 elephants (Lair:7)
  2 torpor snails
  Maurice (D:11)
  5 spiny frogs
  2 centaur skeletons
  A naga mage (Snake:1)
  2 gargoyles (Volcano)
  14 black mambas
  4 rime drakes
  2 komodo dragons
  2 trolls (Orc:1)
  A polar bear (Lair:7)
  A two-headed ogre (Orc:1)
  4 blink frogs (Lair:5)
  A boulder beetle (Lair:4)
  A wraith (D:11)
  A shadow (D:11)
  A vampire (D:10)
  25 yaks
  2 wyverns
  2 basilisks (Lair:7)
  6 hippogriffs
  Menkaure (D:5)
  8 wargs
  14 water moccasins
  11 orc warriors
  6 porcupines
  A black bear (D:12)
  A necrophage (D:10)
  2 sky beasts (D:10)
  5 ogres
  An ice beast (D:9)
  2 phantoms (D:8)
  11 wolves (Lair:6)
  8 crocodiles
  A big kobold (D:11)
  9 giant frogs
  Blork the orc (D:7)
  2 scorpions
  10 wights
  6 killer bees (D:10)
  An electric eel (Lair:7)
  4 crimson imps
  A jelly (D:10)
  4 hounds
  2 quasits (D:10)
  13 orc priests
  2 giant frog skeletons (D:7)
  5 iguanas
  39 orc wizards
  4 worker ants
  20 sheep
  2 hound zombies (D:7)
  A hound skeleton (D:10)
  3 worker ant zombies
  51 river rats
  11 adders
  4 gnolls (D:8)
  3 shadow imps
  An adder skeleton (D:5)
  3 adder zombies
  A worm (D:5)
  A giant gecko (D:9)
  75 orcs
  4 ball pythons
  2 bats
  4 giant cockroaches
  4 jackals (D:6)
  3 quokkas
  6 kobolds
  A bush (Lair:6)
  7 fungi
  3 plants
501 creatures vanquished.

Vanquished Creatures (collateral kills)
  A molten gargoyle (Volcano)
1 creature vanquished.

Vanquished Creatures (others)
  A hydra (Lair:8)
  An ice dragon (D:9)
  An orc wizard (Orc:2)
  A bush (D:9)
  3 fungi
  7 plants
14 creatures vanquished.

Grand Total: 516 creatures vanquished

Action                   |  1- 3 |  4- 6 |  7- 9 | 10-12 | 13-15 || total
-------------------------+-------+-------+-------+-------+-------++-------
Melee: Short sword       |     1 |    34 |    24 |       |       ||    59
       Flail             |       |       |       |    38 |       ||    38
 Cast: Flame Tongue      |    30 |    43 |    82 |    53 |       ||   208
       Conjure Flame     |     1 |     8 |    15 |    15 |     3 ||    42
       Sticky Flame      |       |     4 |    15 |    42 |    21 ||    82
       Inner Flame       |       |     4 |     9 |    20 |     5 ||    38
       Fireball          |       |       |    37 |   187 |   116 ||   340
       Repel Missiles    |       |       |       |     1 |     2 ||     3
       Bolt of Fire      |       |       |       |     4 |    31 ||    35
       Mephitic Cloud    |       |       |       |     1 |     1 ||     2
       Delayed Fireball  |       |       |       |       |     2 ||     2
Invok: Channel Energy    |       |       |   130 |   288 |   219 ||   637
       Forget Spell      |       |       |       |     1 |       ||     1
 Abil: Release Delayed F |       |       |       |       |     1 ||     1
Evoke: Rod               |       |       |       |     3 |     2 ||     5
       Wand              |       |       |       |     3 |    14 ||    17
  Use: Potion            |     3 |     1 |     1 |     4 |     6 ||    15
       Scroll            |       |     3 |       |    14 |    19 ||    36
 Stab: Sleeping          |       |     2 |     1 |       |       ||     3
  Eat: Chunk             |       |     2 |    33 |    65 |    46 ||   146
       Fruit             |       |       |       |     3 |     1 ||     4
       Bread ration      |       |       |       |     2 |     3 ||     5
       Meat ration       |       |       |       |     1 |       ||     1
       Beef jerky        |       |       |       |       |     1 ||     1

Vault maps used:
D:1:      ldierk_walled_garden_2, minmay_misc_feat_secret_circle
D:2:      first_bread, okawaru_ov_weapons_minmay
D:4:      serial_undead, serial_undead_b, serial_undead_a, serial_undead_e,
          serial_undead_a, serial_shops, nicolae_shop_waterfront,
          nicolae_shop_waterfront, uniq_pikel
D:5:      lemuel_insect_pit, lemuel_zombie_altar_kikubaaqudgha,
          lemuel_temple_firewalk_marked, uniq_menkaure
D:6:      uniq_blork_the_orc
D:7:      grunt_temple_overflow_bloody_war, gammafunk_temple_overflow_wave,
          serial_shops, shop, minmay_gold_behind_fungi, the_bakery,
          st_stairs_12, minmay_door_square, corexii_item_surrounded_by_moat
D:8:      elyvilon_altar_4, lair_0_dummy, enter_bailey_7
D:9:      amethyst_overflow_temple_binary, david_orc_3, st_stairs_6,
          gammafunk_pakellas_spire_experiment
D:11:     uniq_maurice
D:12:     minmay_expanding_circles, basic_altar
Temple:   nicolae_temple_x_marks_the_god
Lair:2:   serial_bayou_ford_a, minivault_24, infiniplex_staircase_pool_2,
          uniq_gastronok, uniq_fannar
Lair:3:   uniq_nergalle
Lair:4:   minmay_swamp_entry_wisps
Lair:5:   minmay_snake_entry_six_corridors, lab_entry_generic
Lair:6:   lightli_volcano_entry_magma_tube, lemuel_fruit_tree
Lair:7:   serial_bayou_shore_b
Lair:8:   evil_forest, dpeg_slime_entry_enclosed_altar, dpeg_oklob_1
Snake:1:  uniq_agnes
Snake:4:  grunt_snake_rune_pools, guppyfry_snake_island, uniq_asterion,
          uniq_aizul, uniq_saint_roka
Orc:1:    basic_altar, uniq_josephine
Orc:2:    st_orc_town, serial_shops, bzr_in_the_mist, guppyfry_library_mini
Lab:      nicolae_lab_dead_adventurers, nicolae_lab_flowing_pool, lab_block,
          nicolae_lab_quarters, labyrinth_glass_1
Volcano:  volcano_overflow
